 Dungeon Crawl Stone Soup version 0.27-a0-901-g8736458 (webtiles) character file.

Game seed: 1058736010088177515

121 Nithhogg the Skirmisher (level 4, 0/37 HPs)
             Began as a Demonspawn Fighter on Apr 5, 2021.
             Succumbed to Ijyb's poison
             ... on level 3 of the Dungeon.
             The game lasted 00:03:53 (2866 turns).

Nithhogg the Skirmisher (Demonspawn Fighter)        Turns: 2866, Time: 00:03:54

Health: 0/37       AC: 12    Str: 18    XL:     4   Next: 76%
Magic:  5/5        EV:  5    Int:  9    God:
Gold:   89         SH:  0    Dex: 12    Spells: 3/3 levels left

rFire    x . .     SeeInvis .   a - +0 long sword
rCold    + . .     Faith    .   (no shield)
rNeg     . . .     Spirit   .   i - +0 plate armour
rPois    .         Reflect  .   m - +0 helmet
rElec    .         Harm     .   (no cloak)
rCorr    .         Rampage  .   (no gloves)
Will     .....                  (no boots)
Stlth    ..........             (no amulet)
HPRegen  0.12/turn              f - ring of ice
MPRegen  0.09/turn              (no ring)

@: lethally poisoned (0 -> -7), attractive, flying, hasted, very quick
A: talons 2, demonic guardian 1
a: no special abilities


You were on level 3 of the Dungeon.
You visited 1 branch of the dungeon, and saw 3 of its levels.

You collected 89 gold pieces.

Inventory:

Hand Weapons
 a - a +0 long sword (weapon)
Armour
 b - a +0 scale mail
 c - a +0 kite shield
 i - a +0 plate armour (worn)
 m - a +0 helmet (worn)
Jewellery
 f - a ring of ice (left hand)
 k - the amulet "Sumouguf" {Reflect Slay+5 SH+5}
   (You acquired it on level 3 of the Dungeon)

   [amulet of reflection]

   It reflects blocked missile attacks.
   It affects your accuracy and damage with ranged weapons and melee attacks
   (+5).
   It affects your SH (+5).
Potions
 d - a potion of might
 e - 2 potions of lignification
 j - a potion of cancellation


   Skills:
 + Level 3.6 Fighting
 + Level 2.5 Long Blades
 + Level 3.2 Armour
 + Level 1.4 Dodging
 - Level 2.6 Shields
 + Level 2.4 Invocations


You had 3 spell levels left.
You didn't know any spells.
Your spell library was empty.

Dungeon Overview and Level Annotations

Branches:
Dungeon (3/15)

Altars:
Kikubaaqudgha

Shops:
D:3 ?


Innate Abilities, Weirdness & Mutations

You have razor-sharp toenails.
A weak demonic guardian rushes to your aid.


Message History

You are more poisoned.
Your ufetubus hits Ijyb but does no damage.
Your ufetubus barely misses Ijyb.
You hit Ijyb.
Ijyb is moderately wounded.
You feel very sick. Ijyb hits you but does no damage.
You are more poisoned.
Your ufetubus hits Ijyb but does no damage.
Your ufetubus hits Ijyb.
Ijyb zaps a wand.
The puff of flame hits you! The fire burns you terribly!
A demonic guardian appears!
* * * LOW HITPOINT WARNING * * *
You feel very sick.
Your ufetubus hits Ijyb but does no damage.
Your ufetubus hits Ijyb. x2; Your ufetubus barely misses Ijyb.
There is an open door here.
It was a potion of cancellation.
You feel magically purged.
* * * LOW HITPOINT WARNING * * *
You feel very sick.
Your ufetubus barely misses Ijyb.
Your ufetubus misses Ijyb.
Your ufetubus hits Ijyb but does no damage.
Your ufetubus closely misses Ijyb.
Ijyb hits you with a +0 dagger of venom.
* * * LOW HITPOINT WARNING * * *
Your ufetubus hits Ijyb but does no damage.
Your ufetubus closely misses Ijyb.
It was a potion of attraction.
You feel attractive to monsters.
* * * LOW HITPOINT WARNING * * *
You feel sick.
Your ufetubus hits Ijyb but does no damage.
Your ufetubus hits Ijyb. x2
Ijyb dies!
It was a potion of haste.
You feel yourself speed up.
* * * LOW HITPOINT WARNING * * *
You feel sick.
It was a potion of flight.
You feel very buoyant.
You fly up into the air.
You die...

####...####
##.........#########
.'..............>..#
##....####.####....#
#....# #.# #....# ##....#
#.# #....# .....## #.#
#...)###### .....#####.#
#.55...?...
.<...#.....#####@#.######
.................###
.................#
.....)...........#
.................#
.....#####+###'#>########
.....# #.# #......g.gg.
###..# #.# ##.#.####### #
#..# #.# #.#.#


You could see 2 friendly ufetubi.

Vanquished Creatures
  An iguana (D:2)
  Robin (D:3)
  A dart slug (D:1)
  3 worms (D:3)
  2 orcs (D:3)
  3 endoplasms
  2 giant cockroaches (D:3)
  11 goblins
  5 hobgoblins
  2 jackals (D:3)
  3 quokkas
  2 ball pythons
  2 bats
  2 frilled lizards (D:1)
  6 kobolds
  8 rats
54 creatures vanquished.

Vanquished Creatures (collateral kills)
  Ijyb (D:3)
1 creature vanquished.

Grand Total: 55 creatures vanquished

Notes
Turn   | Place    | Note
-------+----------+-------------------------------------------
     0 | D:1      | Nithhogg the Demonspawn Fighter began the quest for the
                  | Orb.
     0 | D:1      | Reached XP level 1. HP: 18/18 MP: 1/1
   115 | D:1      | Found a faded altar of an unknown god.
   125 | D:1      | Gained mutation: You have sharp toenails. [demonic
                  | ancestry]
   125 | D:1      | Reached XP level 2. HP: 22/24 MP: 2/2
   244 | D:1      | Reached skill level 1 in Invocations
   875 | D:2      | Found an ancient bone altar of Kikubaaqudgha.
   920 | D:2      | Reached skill level 1 in Dodging
   920 | D:2      | Gained mutation: You have razor-sharp toenails. [demonic
                  | ancestry]
   920 | D:2      | Reached XP level 3. HP: 3/29 MP: 2/4
  2006 | D:3      | Gained mutation: A weak demonic guardian rushes to your
                  | aid. [demonic ancestry]
  2006 | D:3      | Reached XP level 4. HP: 24/35 MP: 5/5
  2206 | D:3      | Noticed Robin
  2244 | D:3      | Killed Robin
  2503 | D:3      | Identified a scroll of acquirement
  2503 | D:3      | Acquired the amulet "Sumouguf" {Reflect Slay+5 SH+5}
  2583 | D:3      | Found Kekhih's Magic Scroll Shoppe.
  2853 | D:3      | Noticed Ijyb
  2864 | D:3      | Killed Ijyb
  2865 | D:3      | HP: 1/37 [poisoned by Ijyb]
  2866 | D:3      | Succumbed to Ijyb's poison

Illustrated notes

Levels and vault maps discovered:
D:1:      minmay_arrival_jagged, layout_loops_ring,
          chequers_ecumenical_altar_island, amcnicky_mini_corridor_feature,
          minmay_hexomino_f4
D:2:      layout_basic, basic_altar, serial_bayou_crossing
D:3:      layout_basic, serial_shops, shop, uniq_robin, uniq_ijyb

Skill      XL: |  1  2  3 |
---------------+----------+-----
Long Blades    | 2 |  2.5
Invocations    | 1 2 |  2.4
Armour         | 3 |  3.2
Dodging        | 1 |  1.4
Fighting       | |  3.6
Shields        | |  2.6

Action                   |  1- 3 |  4- 6 || total
-------------------------+-------+-------++-------
Melee: Long sword        |    76 |    60 ||   136
       Kick              |    14 |    12 ||    26
  Use: Scroll            |     2 |     2 ||     4
       Potion            |       |     4 ||     4
Armor: Scale mail        |    30 |       ||    30
       Plate armour      |     7 |    47 ||    54
Dodge: Dodged            |    36 |    14 ||    50
       Rpst.: Long sword |    12 |     2 ||    14

Table legend: (Time is in decaauts)
 A = Elapsed time spent in this place.
 B = Non-inter-level travel time spent in this place.
 C = Inter-level travel time spent in this place.
 D = Time resting spent in this place.
 E = Time spent auto-exploring this place.
 F = Levels seen in this place.
 G = Mean time per level.
                   A        B        C        D        E       F      G
               +--------+--------+--------+--------+--------+-----+--------+
         Total |   2918 |   2844 |     74 |    515 |   1940 |   3 |  972.7 |
       Dungeon |   2918 |   2844 |     74 |    515 |   1940 |   3 |  972.7 |
               +--------+--------+--------+--------+--------+-----+--------+

Top non-repeatable levels by time:
     D:2: 1161 daAuts
     D:3: 999 daAuts
     D:1: 758 daAuts
